 Dungeon Crawl Stone Soup version 0.29.1-1-gd02db6906a (webtiles) character file.

Game seed: 15083358524330389602

1544 lonewolfV2 the Shield-Bearer (level 8, 0/51 HPs)
             Began as a Gargoyle Fighter on Oct 21, 2022.
             Was a Follower of Ru.
             Shot with an arrow by a centaur (10 damage)
             ... on level 7 of the Dungeon on Oct 22, 2022.
             The game lasted 00:13:27 (7085 turns).

lonewolfV2 the Shield-Bearer (Gargoyle Fighter)     Turns: 7085, Time: 00:13:28

Health: 0/51       AC: 16    Str: 22    XL:     8   Next: 87%
Magic:  8/8        EV:  9    Int:  9    God:    Ru [*.....]
Gold:   279        SH:  5    Dex:  9    Spells: 7/7 levels left

rFire   + . .      SeeInvis .   s - +2 flail (vorpal)
rCold   + . .      Faith    .   c - +0 buckler
rNeg    + . .      Spirit   .   b - +0 scale mail
rPois   ∞          Reflect  .   (no helmet)
rElec   +          Harm     .   (no cloak)
rCorr   .          Rampage  .   g - +2 pair of gloves
Will    .....                   (no boots)
Stlth   ..........              (no amulet)
HPRegen 0.17/turn               l - ring of protection from fire
MPRegen 0.11/turn               t - ring of protection from cold

@: mighty
A: sickness immunity, AC +5, negative energy resistance 1, electricity
resistance, torment resistance 1, petrification resistance, unskilled 1
a: Renounce Religion


You were on level 7 of the Dungeon.
You worshipped Ru.
Ru was aware of your devotion.
You visited 2 branches of the dungeon, and saw 8 of its levels.

You collected 279 gold pieces.

Inventory:

Hand Weapons
 a - a +0 flail
 s - a +2 vorpal flail (weapon)
Armour
 b - a +0 scale mail (worn)
 c - a +0 buckler (worn)
 g - a +2 pair of gloves (worn)
Jewellery
 l - a ring of protection from fire (left hand)
 t - a ring of protection from cold (right hand)
Wands
 e - a wand of iceblast (7)
 f - a wand of polymorph (7)
 q - a wand of mindburst (11)
Scrolls
 p - a scroll of vulnerability
Potions
 d - 3 potions of might
 h - 2 potions of attraction
 i - a potion of brilliance
 j - 2 potions of resistance
 k - a potion of flight {unknown}
 m - a potion of cancellation {unknown}
 n - 3 potions of lignification
 o - 3 potions of mutation
 r - 3 potions of heal wounds {unknown}


   Skills:
 + Level 6.1 Fighting
 + Level 5.1 Maces & Flails
 + Level 6.1 Armour
 + Level 6.1 Shields


You had 7 spell levels left.
You didn't know any spells.
Your spell library contained the following spells:

 Spells                   Type           Power      Damage    Failure   Level
 Slow                     Hex            0%         N/A       77%         1
 Ensorcelled Hibernation  Hex/Ice        0%         N/A       88%         2
 Passwall                 Tmut/Erth      0%         N/A       88%         2
 Confusing Touch          Hex            0%         N/A       98%         3
 Portal Projectile        Hex/Tloc       0%         N/A       98%         3
 Swiftness                Air            0%         N/A       98%         3
 Tukima's Dance           Hex            0%         N/A       98%         3
 Vampiric Draining        Necr           0%         2d6       98%         3
 Passage of Golubria      Tloc           0%         N/A       100%        4
 Blade Hands              Tmut           0%         N/A       100%        5
 Yara's Violent Unravell  Hex/Tmut       0%         3d3       100%        5


Dungeon Overview and Level Annotations

Branches:
Dungeon (7/15)             Temple (1/1) D:5

Altars:
Ashenzari
Cheibriados
Dithmenos
Elyvilon
Fedhas
Kikubaaqudgha
Nemelex Xobeh
Ru
Sif Muna
Trog
Uskayaw
Vehumet
Zin

Shops:
D:4 [   D:5 [!


Innate Abilities, Weirdness & Mutations

You are immune to sickness and miasma.
Your stone body is resilient. (AC +5)
You are immune to poison.
You resist negative energy. (rN+)
You are resistant to electric shocks. (rElec)
You are resistant to unholy torment.
You are immune to petrification.
You are somewhat unskilled. (-1 Apt)


Message History

The hornet stings you!
* * * LOW HITPOINT WARNING * * *
The hornet stings you but does no damage.
You feel better. The hornet stings you!
* * * LOW HITPOINT WARNING * * *
You feel better.
The hornet stings you but does no damage. x2
You closely miss the hornet.
The hornet is severely wounded.
The hornet closely misses you. You block the hornet's attack.
You sock the hornet!
You kill the hornet!
The orc zaps a wand.
You resist with some effort.
Your Fighting skill increases to level 6!
Your Maces & Flails skill increases to level 5!
Your Armour skill increases to level 6!
Your Shields skill increases to level 6!
You block the orc's attack.
You see here a hornet corpse.
You sock the orc!
You kill the orc!
f - a wand of polymorph (7)
Things that are here:
a +0 club; an orc corpse A centaur comes into view.
The centaur shouts!
The centaur wields a +0 shortbow.
The centaur shoots an arrow.
The arrow hits you.
* * * LOW HITPOINT WARNING * * *
The centaur shoots an arrow.
The arrow hits you.
* * * LOW HITPOINT WARNING * * *
Things that are here:
a +0 club; an orc corpse The centaur shoots an arrow.
The arrow hits you but does no damage.
You see here a hornet corpse.
The centaur shoots an arrow.
The arrow closely misses you.
The centaur shoots an arrow.
The arrow barely misses you.
The centaur shoots an arrow.
The arrow barely misses you.
The centaur shoots an arrow.
The arrow hits you!
You die...

#
#####.############
....(.(c.)†......#
.##.#.#####@####.#
# #.# #.# #.# #.#
#.# #.# #.# #.#
#.# #.# #.# #.#
#.# #.# #.#


You could see a centaur.

Vanquished Creatures
  A hornet (D:7)
  Eustachio (D:6)
  A black bear (D:5)
  A kobold brigand (D:6)
  A necrophage (D:6)
  2 bullfrogs
  2 scorpions (D:5)
  4 wights (D:6)
  A hound (D:4)
  2 jellies
  An orc priest (D:6)
  3 iguanas
  2 orc wizards
  A mummy (D:6)
  Robin (D:3)
  3 gnolls (D:6)
  10 adders
  A river rat (D:6)
  An ufetubus (D:6)
  3 worms
  3 dart slugs
  15 orcs
  4 bats
  11 endoplasms
  4 giant cockroaches
  16 goblins
  12 hobgoblins
  4 jackals
  17 kobolds
  2 quokkas
  4 ball pythons
  7 frilled lizards
  8 rats
149 creatures vanquished.

Vanquished Creatures (others)
  6 plants (D:6)
6 creatures vanquished.

Grand Total: 155 creatures vanquished

Notes
Turn   | Place    | Note
-------+----------+-------------------------------------------
     0 | D:1      | lonewolfV2 the Gargoyle Fighter began the quest for the
                  | Orb.
     0 | D:1      | Reached XP level 1. HP: 14/14 MP: 1/1
   185 | D:1      | Reached XP level 2. HP: 19/19 MP: 2/2
   694 | D:1      | Reached XP level 3. HP: 23/23 MP: 3/3
   851 | D:1      | Found a faded altar of an unknown god.
  1108 | D:2      | Found a glowing silver altar of Zin.
  1467 | D:2      | Reached XP level 4. HP: 28/29 MP: 4/4
  1863 | D:2      | Reached XP level 5. HP: 28/33 MP: 5/5
  2428 | D:3      | Found a white marble altar of Elyvilon.
  2729 | D:3      | Noticed Robin
  2750 | D:3      | Killed Robin
  3024 | D:4      | Reached XP level 6. HP: 39/39 MP: 6/6
  3815 | D:4      | Found Xeoconeyne's Armour Emporium.
  4023 | D:4      | Found a bloodstained altar of Trog.
  4068 | D:5      | Entered Level 5 of the Dungeon
  4089 | D:5      | Found a staircase to the Ecumenical Temple.
  4125 | Temple   | Entered the Ecumenical Temple
  4181 | Temple   | Became a worshipper of Ru the Awakened
  4206 | D:5      | Noticed a black bear
  4216 | D:5      | Killed a black bear
  4217 | D:5      | Reached skill level 5 in Fighting
  4217 | D:5      | Reached skill level 5 in Armour
  4217 | D:5      | Reached skill level 5 in Shields
  4217 | D:5      | Reached XP level 7. HP: 28/44 MP: 7/7
  4474 | D:5      | Found Ziysa's Armour Shoppe.
  5232 | D:5      | Noticed a +0 dagger
  5232 | D:5      | Noticed a +0 dagger
  5300 | D:5      | Found a hide-covered altar of Uskayaw.
  5478 | D:5      | Found Onuw's Distillery.
  5539 | D:5      | Found a radiant altar of Vehumet.
  5896 | D:6      | Reached XP level 8. HP: 20/51 MP: 8/8
  6088 | D:6      | Noticed Eustachio
  6121 | D:6      | Killed Eustachio
  6122 | D:6      | Reached skill level 5 in Maces & Flails
  6280 | D:6      | Found a snail-covered altar of Cheibriados.
  6519 | D:6      | Gained mutation: You are somewhat unskilled. (-1 Apt) [Ru
                  | sacrifice]
  6519 | D:6      | Reduced skill Fighting to level 5
  6519 | D:6      | Reduced skill Armour to level 5
  6519 | D:6      | Reduced skill Shields to level 5
  6519 | D:6      | Reached * piety under Ru
  6809 | D:6      | Found a shimmering blue altar of Sif Muna.
  7059 | D:7      | Noticed a hornet
  7072 | D:7      | Killed a hornet
  7073 | D:7      | Reached skill level 5 in Maces & Flails
  7085 | D:7      | Shot with an arrow by a centaur

Illustrated notes

Levels and vault maps discovered:
D:1:      lightli_arrival_farm, layout_basic, hellmonk_ecumenical_altar_lost_god
D:2:      layout_loops_cross, basic_altar, minmay_circled_x
D:3:      layout_basic, elyvilon_altar_3, kennysheep_path_1, minmay_quantized,
          uniq_robin
D:4:      layout_layer_cave, lightli_temple_of_fire, serial_shops, shop
D:5:      layout_loops_corners, dancing_weapons_uskayaw,
          mainiacjoe_overflow_alcove_4, minmay_temple_entry_tees, serial_shops,
          shop, nicolae_shop_hallway_stairs
D:6:      layout_cave_pools, mainiacjoe_overflow_small_starburst,
          chei_slow_surprise, gup_sewer_entry_spiral, lexackson_kobold_supper,
          uniq_eustachio
D:7:      layout_loops_ring, overflow_temple_1_default, makhleb_grotto_becter,
          tso_metal_star, mainiacjoe_overflow_catwalk
Temple:   hellmonk_temple_of_storms

Skill      XL: |  1  2  3  4  5  6  7  8 |
---------------+-------------------------+-----
Fighting       | 4 5 6 |  6.1
Armour         | 4 5 6 |  6.1
Shields        | 4 5 6 |  6.1
Maces & Flails | 3 4 5 |  5.1

Action                   |  1- 3 |  4- 6 |  7- 9 || total
-------------------------+-------+-------+-------++-------
Melee: Flail             |   117 |   209 |   185 ||   511
Throw: Throwing net      |       |       |     2 ||     2
Invok: Sacrifice Skill   |       |       |     1 ||     1
Evoke: Wand              |       |       |     1 ||     1
  Use: Scroll            |       |    13 |     2 ||    15
       Potion            |       |       |     6 ||     6
Armor: Scale mail        |    85 |   139 |   144 ||   368
Dodge: Dodged            |    47 |   103 |   102 ||   252
Block: Buckler           |    28 |    45 |    43 ||   116
